details: 'blizzkill on invisible bm against noob kodos wannabe'

« prev index next »

General information

Mini Map

Players

team 1
Humanansible (green | 69 APM | 590 actions | 08:30)
Hero icon 4 Archmage
Ability icon 2 Blizzard
Ability icon 2 Brilliance Aura

» actions
Assign group hotkey18
Basic commands38
Build / train49
ESC pressed1
Enter build submenu21
Enter hero's abilities submenu4
Right click218
Select / deselect158
Select group hotkey28
Use ability55
590 total
» units
Peasant17
17 total
» upgrades
Lumber Harvesting1
1 total
» buildings
Altar of Kings1
Farm2
Arcane Vault1
Scout Tower16
Arcane Tower5
Lumber Mill1
Guard Tower10
Keep1
Town Hall1
38 total
» build order
00:05 Altar of Kings
00:32 Farm
00:33 Farm
01:01 Arcane Vault
01:42 Scout Tower
02:15 Arcane Tower
02:19 Scout Tower
02:23 Lumber Mill
02:54 Arcane Tower
02:56 Scout Tower
03:30 Guard Tower
03:32 Scout Tower
04:14 Guard Tower
04:32 Scout Tower
04:57 Keep
05:15 Scout Tower
05:32 Arcane Tower
05:36 Scout Tower
05:37 Scout Tower
05:37 Scout Tower
05:38 Scout Tower
05:40 Scout Tower
05:50 Scout Tower
05:59 Arcane Tower
06:02 Guard Tower
06:07 Town Hall
06:08 Guard Tower
06:11 Guard Tower
06:15 Guard Tower
06:22 Guard Tower
06:34 Scout Tower
06:34 Scout Tower
06:35 Guard Tower
06:41 Scout Tower
06:42 Scout Tower
07:04 Guard Tower
07:32 Arcane Tower
07:46 Guard Tower
» items
Scroll of Regeneration3
Lesser Clarity Potion2
Mechanical Critter2
Boots of Speed1
Potion of Invisibility1
Staff of Teleportation1
10 total
team 2
Random» Orcfokewkk[fkewkfk (red | 104 APM | 882 actions | 08:29)
Hero icon 2 Blademaster
Ability icon 1 Wind Walk
Ability icon 1 Critical Strike
Hero icon 2 Shadow Hunter
Ability icon 1 Hex
Ability icon 1 Healing Wave

» actions
Assign group hotkey12
Basic commands25
Build / train47
ESC pressed1
Enter build submenu11
Enter hero's abilities submenu4
Give item / drop item2
Right click307
Select / deselect230
Select group hotkey213
Use ability29
882 total
» units
Peon13
Wind Rider3
Goblin Shredder3
19 total
» buildings
Altar of Storms1
Orc Burrow4
Voodoo Lounge1
Stronghold3
War Mill1
Beastiary1
Watch Tower2
13 total
» build order
00:08 Altar of Storms
00:14 Orc Burrow
00:25 Voodoo Lounge
02:04 Stronghold
02:04 Stronghold
02:38 Orc Burrow
02:56 Orc Burrow
03:30 War Mill
03:43 Orc Burrow
04:31 Beastiary
04:48 Watch Tower
05:01 Watch Tower
» items
Healing Salve5
Circlet of Nobility6
11 total